 Dungeon Crawl Stone Soup version 0.22-a0-136-g83a10e5 (webtiles) character file.

164166 TheGoonsmith the Executioner (level 17, -3/156 HPs)
             Began as a Hill Orc Fighter on Feb 3, 2018.
             Was a High Priest of Qazlal.
             Shot with a bolt by a naga sharpshooter (19 damage)
             ... on level 4 of the Snake Pit.
             The game lasted 00:50:11 (23361 turns).

TheGoonsmith the Executioner (Hill Orc Fighter)    Turns: 23361, Time: 00:50:13

Health: -3/156     AC: 29    Str: 25    XL:     17   Next: 85%
Magic:  28/28      EV: 11    Int: 12    God:    Qazlal [*****.]
Gold:   1351       SH:  7    Dex:  7    Spells: 18/20 levels left

rFire    + + .     SeeInvis .   B - +9 executioner's axe (vamp)
rCold    + . .     Gourm    .   (shield currently unavailable)
rNeg     . . .     Faith    +   t - +6 ring mail "Amesuts" {rF+ Regen+ Stlth+}
rPois    +         Spirit   .   Y - +2 helmet
rElec    .         Reflect  .   R - +2 cloak
rCorr    .         Harm     .   v - +2 pair of gloves
MR       ++...                  K - +2 pair of boots
Stlth    +.........             G - amulet of Puetzad {Faith MR+}
HPRegen  0.76/turn              o - ring "Ofyhagu" {rPois rC+ Int+4 Dex-4}
MPRegen  0.21/turn              I - ring of protection from fire

@: lethally poisoned (-3 -> -4), constricted, repel missiles
A: no striking features
a: Upheaval, Elemental Force, Disaster Area, Renounce Religion


You were on level 4 of the Snake Pit.
You worshipped Qazlal.
Qazlal was extremely pleased with you.
You were not hungry.

You visited 5 branches of the dungeon, and saw 28 of its levels.
You visited 1 bazaar.

You collected 2933 gold pieces.
You spent 1582 gold pieces at shops.

Inventory:

Hand Weapons
 B - a +9 vampiric executioner's axe (weapon)
 U - a +7 broad axe of electrocution
Missiles
 D - 10 throwing nets (quivered)
Armour
 t - the +6 ring mail "Amesuts" (worn) {rF+ Regen+ Stlth+}
   (You found it on level 5 of the Dungeon)

   It protects you from fire.
   It increases your rate of regeneration.
   It makes you more stealthy.
 v - a +2 pair of gloves (worn)
 K - a +2 pair of boots (worn)
 R - a +2 cloak (worn)
 Y - a +2 helmet (worn)
Jewellery
 e - an uncursed ring of resist corrosion
 o - the ring "Ofyhagu" (left hand) {rPois rC+ Int+4 Dex-4}
   (You bought it in a shop in a bazaar)

   [ring of poison resistance]

   It affects your intelligence (+4).
   It affects your dexterity (-4).
   It protects you from cold.
   It protects you from poison.
 A - an uncursed ring of wizardry
 G - the amulet of Puetzad (around neck) {Faith MR+}
   (You found it on level 3 of the Snake Pit)

   [amulet of faith]

   It allows you to gain divine favour quickly.
   It affects your resistance to hostile enchantments.
 I - a ring of protection from fire (right hand)
 S - an uncursed ring of protection from magic
Wands
 s - a wand of scattershot (7)
 y - a wand of acid (4)
 z - a wand of polymorph (13)
 E - a wand of paralysis (24)
 H - a wand of digging (43)
 L - a wand of random effects (69)
 P - a wand of clouds (5)
Scrolls
 i - 4 scrolls of blinking
 j - 5 scrolls of amnesia
 k - 2 scrolls of magic mapping
 n - 7 scrolls of teleportation
 r - 4 scrolls of identify
 C - 18 scrolls of remove curse
 M - 4 scrolls of fear
 Q - 4 scrolls of fog
 X - a scroll of summoning
Potions
 c - 2 potions of magic
 d - a potion of might
 g - 6 potions of curing
 h - 5 potions of brilliance
 l - 5 potions of ambrosia
 m - 2 potions of cancellation
 p - 9 potions of haste
 q - 2 potions of resistance
 x - 5 potions of heal wounds
 F - 3 potions of agility
 J - 4 potions of flight
 V - a potion of berserk rage
Books
 a - a book of the Tempests

   Spells                             Type                      Level
   a - Static Discharge               Conjuration/Air              3
   b - Lightning Bolt                 Conjuration/Air              5
   c - Ignition                       Fire                         8
   d - Tornado                        Air                          9
   e - Shatter                        Earth                        9
Miscellaneous
 N - 2 sacks of spiders
Comestibles
 f - 38 rations


   Skills:
 + Level 15.3 Fighting
 * Level 23.0 Axes
 + Level 15.0 Armour
 - Level 8.0 Dodging
   Level 4.0 Shields
 - Level 2.0 Spellcasting
 - Level 3.0 Translocations
 + Level 15.8 Invocations


You had 18 spell levels left.
You knew the following spells:

 Your Spells              Type           Power        Failure   Level  Hunger
a - Blink                 Tloc           N/A          16%         2    ###....


Dungeon Overview and Level Annotations

Branches:
Dungeon (15/15)            Temple (1/1) D:4            Lair (6/6) D:10
 Shoals (0/4) Lair:2        Snake (4/4) Lair:2        Slime (0/5) Lair:6
    Orc (2/2) D:11            Elf (0/3) Orc:2        Vaults (0/5) D:14
 Depths (0/5) D:15

Altars:
Ashenzari
Cheibriados
Dithmenos
Elyvilon
Fedhas
Gozag
Hepliaklqana
Kikubaaqudgha
Makhleb
Nemelex Xobeh
Okawaru
Qazlal
Ru
Sif Muna
Trog
Uskayaw
Vehumet
Wu Jian
Xom
Yredelemnul
Zin
The Shining One
Beogh

Shops:
D:9 [   D:13 (   Orc:2 *!:[

Portals:
Pandemonium: Orc:2

Annotations:
D:9 1 runed door
Lair:1 exclusion: oklob plant
Lair:5 exclusion: 2 oklob plants
Snake:4 2 exclusions


Message History

The naga sharpshooter unwields an uncursed hand axe.
The naga sharpshooter wields an uncursed arbalest.
The naga sharpshooter mumbles some strange words.
The naga sharpshooter magically shoots a bolt.
The bolt hits you!
* * * LOW HITPOINT WARNING * * *
The naga sharpshooter shoots a bolt.
The bolt is repelled.
A naga mage comes into view.
Unknown command.
You feel better.
You hear a shout!
* * * LOW HITPOINT WARNING * * *
You are poisoned.
The nagaraja casts a spell at you. You block the orb of energy.
The orb of energy explodes!
The nagaraja constricts you.
The naga sharpshooter casts a spell.
The naga sharpshooter magically shoots a bolt.
The bolt hits you!!
You die...

*,............,,,,* #..
**,...........,,,,** #..
*,,,,........,,,,** ##.
*,*,**#..(..##**,,* ##
*,,,###...)..##**,** #
***,,...*#()..# *,,**
*,,*#.##)(#.##**,.###
**,*#.)().((.####...#**
#..###)(.(†§N@..#*,..*
*#......))))§.§§#**#.#*
######..).).§§.# #..##
###....N..#####..#
***#######...N......##.##
*,,........NN...........######
**,########..N.....##.........
*,,,* #..N..#.....#...####
***,*****###......##...#..#*


You could see a nagaraja, 3 naga sharpshooters, a naga ritualist and 2 naga
magi.

Vanquished Creatures
  Frances (Snake:1)
  Gastronok (D:12)
  Donald (Snake:1)
  3 nagarajas
  Aizul (Snake:2)
  2 fire dragons
  13 naga warriors
  4 vault guards (D:14)
  An ice dragon (Lair:6)
  4 anacondas
  2 hydras
  A death knight (D:15)
  2 centaur warriors (D:14)
  2 catoblepae
  The ghost of Robby the Geomancer, a journeyman GrEE of Vehumet (D:9)
  An ogre mage (D:15)
  7 two-headed ogres
  A death yak (Lair:3)
  Urug (Lair:4)
  7 orc high priests (Orc:2)
  12 naga sharpshooters
  6 shock serpents
  A salamander mystic (Snake:4)
  2 unseen horrors (D:14)
  A swamp dragon (Lair:6)
  6 skeletal warriors (D:15)
  2 torturous demonspawn (Orc:2)
  A flayed ghost (D:15)
  2 infernal demonspawn (Orc:2)
  3 lindwurms
  6 orc knights
  5 mana vipers
  A naga ritualist (Snake:1)
  6 orc sorcerers (Orc:2)
  3 deep elf magi
  17 ugly things
  3 cyclopes
  A frost giant skeleton (D:15)
  2 rust devils (Orc:2)
  A manticore (D:14)
  10 salamanders
  A merfolk siren (Lair:2)
  2 centaur zombies
  2 centaur skeletons
  8 torpor snails
  12 naga magi
  4 guardian serpents
  18 black mambas
  5 elephants
  A freezing wraith (D:15)
  An orange demon (Orc:2)
  15 spiny frogs
  9 rime drakes
  2 kobold demonologists
  9 komodo dragons
  2 hellwings (Orc:2)
  3 meliai (Lair:5)
  A tengu conjurer (D:13)
  7 hornets (Lair:6)
  8 trolls
  2 polar bears (Lair:6)
  3 merfolk (Lair:2)
  A queen bee (Lair:5)
  3 tyrant leeches (Lair:6)
  12 blink frogs
  6 slime creatures
  A harpy skeleton (D:15)
  A spriggan zombie (D:15)
  Prince Ribbit (Lair:1)
  12 hippogriffs
  Grinder (D:3)
  An ice dragon zombie (D:15)
  2 ynoxinuls (Orc:2)
  2 shadows
  Sigmund (D:6)
  55 yaks
  5 wraiths
  6 wyverns
  8 basilisks
  Eustachio (D:6)
  9 humans
  3 steam dragons (Lair:6)
  7 vampire mosquitoes (D:15)
  4 hungry ghosts
  2 wargs
  A soldier ant (D:14)
  46 nagas
  Edmund (D:9)
  9 water moccasins
  2 acid dragons
  Duvessa (D:6)
  17 porcupines
  2 swamp drakes (Lair:6)
  2 black bears
  34 orc warriors
  5 sky beasts
  An eye of draining (D:9)
  6 ice beasts
  3 phantoms
  8 centaurs
  14 ogres
  7 wolves
  19 crocodiles
  2 wyvern zombies
  14 bullfrogs
  Dowan (D:6)
  4 scorpions
  A tengu zombie (D:15)
  31 killer bees (Lair:5)
  A water moccasin skeleton (D:6)
  13 wights (D:12)
  4 howler monkeys (D:5)
  An electric eel (Lair:5)
  2 crimson imps
  A gnoll shaman (D:7)
  5 hounds (D:9)
  14 jellies
  2 bullfrog zombies
  6 human zombies (D:12)
  23 orc priests
  2 bullfrog skeletons
  Jessica (D:2)
  Ijyb (D:9)
  7 iguanas
  27 orc wizards
  A hell rat (Lair:5)
  5 worker ants
  A hound zombie (D:6)
  A hound skeleton (D:11)
  2 mummies (D:12)
  3 worker ant zombies
  A howler monkey skeleton (D:10)
  12 adders
  11 gnolls
  5 shadow imps
  2 oozes
  2 worms
  8 leopard geckos
  75 orcs
  2 ball pythons
  7 bats
  4 giant cockroaches
  5 goblins (D:1)
  9 hobgoblins
  8 jackals
  A kobold (D:2)
  5 quokkas
  5 frilled lizards
  7 rats
  A butterfly (Lair:5)
  A fungus (Lair:5)
  4 plants
  2 withered plants (D:15)
937 creatures vanquished.

Vanquished Creatures (collateral kills)
  The ghost of Vectris71 the Slayer, an adept MiBe of Trog (Snake:4)
  4 hydras
5 creatures vanquished.

Vanquished Creatures (others)
  A necromancer (D:15)
  A crimson imp (D:14)
  8 fungi
  18 plants
28 creatures vanquished.

Grand Total: 970 creatures vanquished

Notes
Turn   | Place    | Note
-------+----------+-------------------------------------------
     0 | D:1      | TheGoonsmith the Hill Orc Fighter began the quest for the Orb.
     0 | D:1      | Reached XP level 1. HP: 19/19 MP: 1/1
    79 | D:1      | Reached skill level 3 in Axes
   145 | D:1      | Reached XP level 2. HP: 26/27 MP: 2/2
   470 | D:1      | Reached XP level 3. HP: 15/33 MP: 3/3
   991 | D:2      | Reached skill level 4 in Axes
  1045 | D:2      | Reached XP level 4. HP: 24/40 MP: 4/4
  1366 | D:2      | Noticed Jessica
  1377 | D:2      | Killed Jessica
  1397 | D:2      | Reached skill level 5 in Axes
  1691 | D:3      | Noticed Grinder
  1700 | D:3      | Paralysed by Grinder for 2 turns
  1708 | D:3      | Killed Grinder
  1708 | D:3      | Reached skill level 5 in Fighting
  1708 | D:3      | Reached skill level 6 in Axes
  1708 | D:3      | Reached XP level 5. HP: 23/48 MP: 5/5
  1708 | D:3      | Reached XP level 6. HP: 26/56 MP: 6/6
  2606 | D:4      | Reached skill level 5 in Armour
  2629 | D:4      | Found a staircase to the Ecumenical Temple.
  2638 | Temple   | Entered the Ecumenical Temple
  2747 | Temple   | Became a worshipper of Qazlal Stormbringer
  3261 | D:4      | Reached skill level 7 in Axes
  3292 | D:4      | Reached XP level 7. HP: 59/61 MP: 7/7
  3668 | D:5      | Entered Level 5 of the Dungeon
  3668 | D:5      | Found the +3 warlock's mirror {reflect}
  3908 | D:5      | Got a heavily runed ring mail
  4022 | D:4      | Identified the +6 ring mail "Amesuts" {rF+ Regen+ Stlth+} (You found it on level 5 of the Dungeon)
  4037 | D:5      | Reached skill level 8 in Axes
  4218 | D:5      | Found a basalt altar of Yredelemnul.
  4255 | D:5      | Reached XP level 8. HP: 55/70 MP: 8/8
  4269 | D:5      | Reached * piety under Qazlal
  4549 | D:6      | Found a shadowy altar of Dithmenos.
  4570 | D:6      | Reached skill level 9 in Axes
  4595 | D:6      | Noticed Dowan
  4596 | D:6      | Noticed Duvessa
  4607 | D:6      | Killed Duvessa
  4633 | D:6      | Killed Dowan
  4880 | D:6      | Noticed Eustachio
  4890 | D:6      | Killed Eustachio
  4890 | D:6      | Reached skill level 10 in Axes
  4930 | D:6      | Identified a scroll of acquirement
  4985 | D:6      | Noticed Sigmund
  4995 | D:6      | Killed Sigmund
  4995 | D:6      | Reached skill level 1 in Dodging
  4995 | D:6      | Reached skill level 1 in Invocations
  5252 | D:6      | Reached XP level 9. HP: 75/79 MP: 10/10
  5347 | D:7      | Found an opulent altar of Gozag.
  5372 | D:7      | Reached ** piety under Qazlal
  5372 | D:7      | Reached skill level 11 in Axes
  5461 | D:7      | Found a glowing golden altar of the Shining One.
  6132 | D:8      | Noticed a two-headed ogre
  6140 | D:8      | Killed a two-headed ogre
  6140 | D:8      | Reached skill level 12 in Axes
  6140 | D:8      | Reached skill level 5 in Invocations
  6149 | D:8      | Reached XP level 10. HP: 71/86 MP: 14/14
  6775 | D:9      | Reached skill level 13 in Axes
  6791 | D:9      | Found Tereabol's Armour Shoppe.
  6798 | D:9      | Bought a +1 pair of boots for 126 gold pieces
  6869 | D:9      | Noticed Robby's ghost (journeyman GrEE)
  6874 | D:9      | Killed Robby's ghost
  6938 | D:9      | Found a sparkling altar of Nemelex Xobeh.
  6942 | D:9      | Reached *** piety under Qazlal
  7067 | D:9      | Reached skill level 14 in Axes
  7123 | D:9      | Noticed a red ugly thing
  7136 | D:9      | Killed a red ugly thing
  7209 | D:9      | Found a burning altar of Makhleb.
  7209 | D:9      | Found an ancient bone altar of Kikubaaqudgha.
  7210 | D:9      | Found an iron altar of Okawaru.
  7241 | D:9      | Found a runed door.
  7328 | D:9      | Found a runed door.
  7347 | D:9      | Found a sacrificial altar of Ru.
  7595 | D:9      | Noticed Edmund
  7596 | D:9      | Noticed Ijyb
  7627 | D:9      | Killed Ijyb
  7634 | D:9      | Reached skill level 15 in Axes
  7640 | D:9      | Killed Edmund
  7644 | D:9      | Reached XP level 11. HP: 92/92 MP: 17/17
  7666 | D:9      | Reached **** piety under Qazlal
  7666 | D:9      | Reached skill level 16 in Axes
  7770 | D:10     | Entered Level 10 of the Dungeon
  7806 | D:10     | Noticed a two-headed ogre
  7818 | D:10     | Killed a two-headed ogre
  8039 | D:10     | Found a staircase to the Lair.
  8144 | Lair:1   | Entered Level 1 of the Lair of Beasts
  8147 | Lair:1   | Noticed Prince Ribbit
  8156 | Lair:1   | Killed Prince Ribbit
  8342 | Lair:1   | Found a sparkling altar of Nemelex Xobeh.
  8358 | Lair:1   | Reached skill level 5 in Dodging
  8377 | Lair:1   | Noticed an oklob plant
  8435 | Lair:1   | Reached ***** piety under Qazlal
  8435 | Lair:1   | Reached XP level 12. HP: 100/104 MP: 18/18
  9085 | Lair:2   | Reached skill level 17 in Axes
  9142 | Lair:2   | Found a staircase to the Snake Pit.
  9166 | Lair:2   | Reached skill level 10 in Fighting
  9521 | Lair:2   | Found a staircase to the Shoals.
  9934 | Lair:3   | Noticed a four-headed hydra
  9941 | Lair:3   | Killed a four-headed hydra
  9948 | Lair:3   | Noticed a four-headed hydra
  9953 | Lair:3   | Killed a four-headed hydra
 10095 | Lair:3   | Reached XP level 13. HP: 115/115 MP: 20/20
 10101 | Lair:3   | Reached skill level 10 in Invocations
 10264 | Lair:3   | Reached skill level 10 in Armour
 10334 | Lair:3   | Reached skill level 18 in Axes
 10854 | Lair:4   | Noticed Urug
 10867 | Lair:4   | Killed Urug
 11568 | Lair:5   | Reached ****** piety under Qazlal
 11904 | Lair:5   | Learned a level 2 spell: Blink
 12013 | Lair:5   | Reached XP level 14. HP: 125/126 MP: 17/22
 12034 | Lair:5   | Reached skill level 1 in Translocations
 12062 | Lair:5   | Reached skill level 1 in Spellcasting
 12503 | Lair:6   | Entered Level 6 of the Lair of Beasts
 12827 | Lair:6   | Found a runed door.
 12852 | Lair:6   | Paralysed by a hornet for 2 turns
 12875 | Lair:6   | Reached skill level 19 in Axes
 13130 | Lair:6   | Found a staircase to the Slime Pits.
 14245 | D:11     | Found a staircase to the Orcish Mines.
 14909 | Orc:1    | Entered Level 1 of the Orcish Mines
 14972 | Orc:1    | Found a roughly hewn altar of Beogh.
 15320 | Orc:2    | Entered Level 2 of the Orcish Mines
 15454 | Orc:2    | Found Gan Ebb's Distillery.
 15478 | Orc:2    | Found Essul's General Store.
 15484 | Orc:2    | Reached XP level 15. HP: 122/132 MP: 24/24
 15647 | Orc:2    | Bought a scroll of fear for 49 gold pieces
 16212 | Orc:2    | Found Ifovou's Book Shop.
 16212 | Orc:2    | Found Gageuf's Antique Armour Boutique.
 16213 | Orc:2    | Found a one-way gate leading to the halls of Pandemonium.
 16320 | Orc:2    | Reached skill level 20 in Axes
 16595 | Orc:2    | Found a staircase to the Elven Halls.
 16790 | Orc:2    | Bought a potion of curing for 33 gold pieces
 16790 | Orc:2    | Bought a potion of curing for 33 gold pieces
 16790 | Orc:2    | Bought a potion of curing for 33 gold pieces
 16790 | Orc:2    | Bought a potion of haste for 110 gold pieces
 16790 | Orc:2    | Bought a potion of heal wounds for 55 gold pieces
 16790 | Orc:2    | Bought a potion of magic for 88 gold pieces
 17310 | D:12     | Noticed Gastronok
 17321 | D:12     | Killed Gastronok
 17642 | D:12     | Found a basalt altar of Yredelemnul.
 17763 | D:13     | Found Wedes's Antique Weapon Shop.
 18456 | D:14     | Reached XP level 16. HP: 144/144 MP: 26/26
 18722 | D:14     | Found a gate to the Vaults.
 18752 | D:14     | Reached skill level 21 in Axes
 19672 | D:15     | Entered Level 15 of the Dungeon
 19894 | D:15     | Found a staircase to the Depths.
 20671 | Snake:1  | Entered Level 1 of the Snake Pit
 20862 | Snake:1  | Noticed Donald
 20869 | Snake:1  | Killed Donald
 20953 | Snake:1  | Noticed Frances
 20963 | Snake:1  | Killed Frances
 21037 | Snake:1  | Reached skill level 22 in Axes
 21046 | Snake:1  | Reached XP level 17. HP: 154/154 MP: 25/28
 21641 | Snake:2  | Reached skill level 15 in Invocations
 21655 | Snake:2  | Noticed Aizul
 21667 | Snake:2  | Killed Aizul
 22149 | Snake:3  | Found a flickering gateway to a bazaar.
 22158 | Bazaar   | Entered a bazaar
 22158 | Bazaar   | Found Ime Lyav's Weapon Boutique.
 22158 | Bazaar   | Found Udiyr Ywu's Gadget Shop.
 22158 | Bazaar   | Found Kantef's Jewellery Shop.
 22158 | Bazaar   | Found Maoh's Assorted Antiques.
 22165 | Bazaar   | Bought a potion of haste for 240 gold pieces
 22165 | Bazaar   | Bought a potion of might for 96 gold pieces
 22165 | Bazaar   | Bought a potion of haste for 240 gold pieces
 22165 | Bazaar   | Bought a fizzy ruby potion for 21 gold pieces
 22165 | Bazaar   | Bought a scroll of fear for 84 gold pieces
 22169 | Bazaar   | Bought the ring "Ofyhagu" {rPois rC+ Int+4 Dex-4} for 374 gold pieces
 22395 | Snake:3  | Got a faintly glowing graven amulet
 22396 | Snake:3  | Identified the amulet of Puetzad {Faith MR+} (You found it on level 3 of the Snake Pit)
 22988 | Snake:4  | Entered Level 4 of the Snake Pit
 23012 | Snake:4  | Reached skill level 15 in Fighting
 23031 | Snake:4  | Noticed Vectris71's ghost (adept MiBe)
 23090 | Snake:4  | Killed Vectris71's ghost
 23345 | Snake:4  | Reached skill level 23 in Axes
 23348 | Snake:4  | Reached skill level 15 in Armour
 23361 | Snake:4  | Shot with a bolt by a naga sharpshooter

Vault maps used:
D:1:      nzn_arrival_depleted_hourglass, solitary_fountain
D:2:      minmay_joined_circles, uniq_jessica
D:3:      first_ration, uniq_grinder
D:4:      minmay_temple_entry_large_hall
D:5:      nicolae_overflow_hidden_temple
D:6:      minmay_misc_feat_iff, minivault_1, nicolae_dithmenos_the_darkroom,
          uniq_eustachio, uniq_duvessa, uniq_sigmund
D:7:      lemuel_crystal_altar, grunt_ogre_cave, nicolae_gozag_seed_capital
D:9:      erik_cavepeople, gammafunk_temple_overflow_claw,
          nemelex_xobeh_ov_fountains_minmay, nicolae_ru_awakened_eye,
          serial_shops, nicolae_shop_statue_plus
D:10:     lair_entry_dummy
D:11:     hiddenorc1_lemuel
D:12:     lemuel_mausoleum_altar_yredelemnul, uniq_gastronok
D:13:     serial_shops, shop
D:14:     lightli_vaults_fourway_checkpoint, minmay_misc_feat_enclosed
D:15:     gammafunk_depths_entry_grave
Temple:   regret_index_temple_waves
Lair:1:   basic_altar, minmay_lair_oklob_chamber, uniq_prince_ribbit2
Lair:2:   elwin_shoals_entry_stream, minmay_snake_entry_guardpost_medium,
          beast_lair_carwin_3
Lair:3:   nzn_random_ring, grunt_megastairs_1
Lair:4:   uniq_urug
Lair:5:   regret_index_harrowing_hell_hive, lemuel_fruit_fields,
          serial_bayou_shore_a
Lair:6:   wormcave, guppyfry_lair_end_dragon, minmay_slime_entry_jelly_boxes,
          minmay_lair_drake_nest
Snake:1:  nrook_guardian_serpent_double, uniq_donald, uniq_frances
Snake:2:  nrook_loot_triangle, uniq_aizul
Snake:3:  serial_shops, bzr_entry_customers
Snake:4:  snake_pit
Orc:1:    basic_altar
Orc:2:    pf_orc_diabolical, mines4_lemuel
Bazaar:   bazaar_minmay_generic_box

Skill      XL: |  1  2  3  4  5  6  7  8  9 10 11 12 13 14 15 16 17 |
---------------+----------------------------------------------------+-----
Axes           | 3 4 6 7 8 10 12 15 16 17 18 19 20 22 23 | 23.0
Fighting       | 4 5 6 7 9 10 12 13 14 15 | 15.3
Armour         | 4 5 6 7 9 10 12 13 14 15 | 15.0
Shields        | 4 |  4.0
Dodging        | 1 3 5 6 7 8 |  8.0
Invocations    | 2 5 8 9 11 12 13 14 15 | 15.8
Translocations | 3 |  3.0
Spellcasting   | 2 |  2.0

Action                   |  1- 3 |  4- 6 |  7- 9 | 10-12 | 13-15 | 16-18 || total
-------------------------+-------+-------+-------+-------+-------+-------++-------
Melee: War axe           |   142 |    84 |   180 |       |       |       ||   406
       Executioner's axe |       |       |    90 |   367 |  1012 |   647 ||  2116
Invok: Elemental Force   |       |       |       |     2 |     2 |     1 ||     5
       Upheaval          |       |       |       |       |     2 |       ||     2
       Disaster Area     |       |       |       |       |     1 |       ||     1
  Use: Potion            |       |     1 |       |     1 |     2 |     5 ||     9
       Scroll            |       |    13 |     8 |     6 |     8 |     7 ||    42
  Eat: Chunk             |       |     8 |     7 |    13 |    24 |     4 ||    56
       Ration            |       |       |     2 |       |     2 |     4 ||     8
Armor: Scale mail        |    74 |    44 |     3 |       |       |       ||   121
       Skin              |       |     3 |       |       |       |       ||     3
       Chain mail        |       |       |    28 |       |       |       ||    28
       Ring mail         |       |       |   118 |   146 |   469 |   280 ||  1013
Dodge: Dodged            |    40 |    34 |   135 |   219 |   596 |   316 ||  1340
       Deflected         |       |       |       |     5 |    23 |    65 ||    93
Block: Shield            |    70 |    50 |    15 |       |       |       ||   135
       Buckler           |       |       |    53 |       |       |       ||    53
       Reflection        |       |       |     2 |       |       |       ||     2
       Other             |       |       |    12 |    88 |   380 |   245 ||   725

Table legend:
 A = Spawn XP
 B = Non-spawn XP
 C = Spawn XP percentage of total XP
 D = Spawn monster count
 E = Non-spawn monster count
 F = Spawn count percentage of total count
 G = Total turns spent on level
                    A         B        C        D         E        F      G
               +---------+---------+-------+---------+---------+-------+---------
         Total |       0 |  234524 |   0.0 |       0 |     934 |   0.0 | 23361
               +---------+---------+-------+---------+---------+-------+---------
           D:1 |       0 |      45 |   0.0 |       0 |      24 |   0.0 |   919
           D:2 |       0 |     111 |   0.0 |       0 |      23 |   0.0 |   590
           D:3 |       0 |     274 |   0.0 |       0 |       7 |   0.0 |   998
           D:4 |       0 |     221 |   0.0 |       0 |      19 |   0.0 |  1044
           D:5 |       0 |     855 |   0.0 |       0 |      26 |   0.0 |   889
           D:6 |       0 |     856 |   0.0 |       0 |      15 |   0.0 |   767
           D:7 |       0 |    1113 |   0.0 |       0 |      19 |   0.0 |   742
           D:8 |       0 |    1394 |   0.0 |       0 |       7 |   0.0 |   688
           D:9 |       0 |    5561 |   0.0 |       0 |      46 |   0.0 |  1004
          D:10 |       0 |    2933 |   0.0 |       0 |      21 |   0.0 |   511
          D:11 |       0 |    2742 |   0.0 |       0 |      33 |   0.0 |  1173
          D:12 |       0 |    7087 |   0.0 |       0 |      44 |   0.0 |   841
          D:13 |       0 |    8682 |   0.0 |       0 |      28 |   0.0 |   811
          D:14 |       0 |   17756 |   0.0 |       0 |      36 |   0.0 |  1183
          D:15 |       0 |   17685 |   0.0 |       0 |      37 |   0.0 |   838
        Lair:1 |       0 |    5919 |   0.0 |       0 |      22 |   0.0 |   803
        Lair:2 |       0 |    9599 |   0.0 |       0 |      41 |   0.0 |   949
        Lair:3 |       0 |    7899 |   0.0 |       0 |      34 |   0.0 |   779
        Lair:4 |       0 |    9337 |   0.0 |       0 |      30 |   0.0 |   896
        Lair:5 |       0 |   13410 |   0.0 |       0 |      71 |   0.0 |  1003
        Lair:6 |       0 |   19799 |   0.0 |       0 |      76 |   0.0 |  1190
       Snake:1 |       0 |   23757 |   0.0 |       0 |      45 |   0.0 |   854
       Snake:2 |       0 |   12090 |   0.0 |       0 |      21 |   0.0 |   569
       Snake:3 |       0 |   12727 |   0.0 |       0 |      24 |   0.0 |   846
       Snake:4 |       0 |   25375 |   0.0 |       0 |      40 |   0.0 |   373
         Orc:1 |       0 |    3355 |   0.0 |       0 |      32 |   0.0 |   520
         Orc:2 |       0 |   23942 |   0.0 |       0 |     113 |   0.0 |  1434
               +---------+---------+-------+---------+---------+-------+---------
